 Dungeon Crawl Stone Soup version 0.25-a0-41-g6cf4ce537d (webtiles) character file.

Game seed: 13407658371900796245, levelgen mode: deterministic

3597 P0NYSLAYSTATION the Protected (level 9, -5/78 HPs)
             Began as a Minotaur Fighter on Sept 21, 2019.
             Was a Believer of Yredelemnul.
             Slain by a yak (9 damage)
             ... on level 7 of the Dungeon on Oct 20, 2019.
             The game lasted 00:41:16 (5746 turns).

P0NYSLAYSTATION the Protected (Minotaur Fighter)    Turns: 5746, Time: 00:41:17

Health: -5/78      AC: 17    Str: 21    XL:     9   Next: 85%
Magic:  9/9        EV:  6    Int:  6    God:    Yredelemnul [**....]
Gold:   149        SH: 12    Dex:  9    Spells: 8/8 levels left

rFire    + . .     SeeInvis +   a - +1 long sword
rCold    + . .     Gourm    .   c - +1 shield
rNeg     . . .     Faith    .   B - +0 plate armour
rPois    .         Spirit   .   (helmet restricted)
rElec    .         Reflect  .   z - scarf {rC+ rF+}
rCorr    .         Harm     .   F - +2 pair of gloves
MR       .....                  (no boots)
Stlth    ..........             (no amulet)
HPRegen  0.23/turn              r - ring of see invisible
MPRegen  0.11/turn              y - -3 ring of dexterity

@: lethally poisoned (-5 -> -6), hasted, studying Short Blades, very quick
A: retaliatory headbutt, horns 2
a: Animate Remains, Recall Undead Slaves, Injury Mirror, Renounce Religion


You were on level 7 of the Dungeon.
You worshipped Yredelemnul.
Yredelemnul was pleased with you.
You were not hungry.

You visited 2 branches of the dungeon, and saw 8 of its levels.
You also visited: Ossuary.

You collected 396 gold pieces.
You spent 247 gold pieces at shops.

Inventory:

Hand Weapons
 a - a +1 long sword (weapon)
 e - a +2 hand axe of electrocution
 H - a +4 flail
 J - a +4 halberd
Missiles
 s - 5 boomerangs (quivered)
Armour
 b - a +0 scale mail
 c - a +1 shield (worn)
 x - a cursed +0 leather armour
 z - a scarf of resistance (worn)
 B - a +0 plate armour (worn)
 F - a +2 pair of gloves (worn)
Jewellery
 i - an uncursed ring of stealth
 r - a ring of see invisible (left hand)
 v - an uncursed ring of protection from cold
 y - a -3 ring of dexterity (right hand)
 I - an uncursed ring of resist corrosion
Wands
 h - a wand of digging (9)
 u - a wand of random effects (26)
Scrolls
 k - 3 scrolls of enchant weapon
 n - 2 scrolls of enchant armour
 A - a scroll of remove curse
 E - 2 scrolls of amnesia
Potions
 d - a potion of might
 g - a potion of resistance {unknown}
 j - 3 potions of magic
 l - a potion of flight {unknown}
 m - a potion of haste
 o - 3 potions of curing
 p - a potion of invisibility {unknown}
 q - a potion of heal wounds
 t - a potion of mutation {unknown}
 w - 2 potions of brilliance {unknown}
 G - a potion of degeneration {unknown}
 K - a potion of lignification {unknown}
Books
 C - a manual of Short Blades
Comestibles
 f - 6 rations


   Skills:
 + Level 6.8 Fighting
 - Level 7.2 Long Blades
 - Level 5.0(5.5) Axes
 * Level 3.3(4.6) Polearms
 - Level 1.0 Throwing
 * Level 9.5 Armour
 + Level 2.9 Dodging
 + Level 0.3 Stealth
 + Level 8.7 Shields
 + Level 2.4 Invocations


You had 8 spell levels left.
You didn't know any spells.
Your spell library was empty.

Dungeon Overview and Level Annotations

Branches:
Dungeon (7/15)             Temple (1/1) D:5         Ossuary (visited)

Altars:
Ashenzari
Cheibriados
Dithmenos
Elyvilon
Fedhas
Gozag
Hepliaklqana
Kikubaaqudgha
Makhleb
Nemelex Xobeh
Okawaru
Qazlal
Ru
Sif Muna
Trog
Uskayaw
Vehumet
Wu Jian
Xom
Yredelemnul
Zin
The Shining One

Shops:
D:5 %%   D:6 [


Innate Abilities, Weirdness & Mutations

You reflexively headbutt those who attack you in melee.
You have a pair of horns on your head.


Message History

The yak is almost dead.
You slash the yak!
You kill the yak!
Yredelemnul accepts your kill.
You slash the yak!
The yak is moderately wounded.
The yak gores you!
* * * LOW HITPOINT WARNING * * *
You slash the yak!
The yak is heavily wounded.
You barely miss the yak.
The yak is heavily wounded.
You feel sick. The yak barely misses you.
You riposte.
You hit the yak but do no damage.
The yak is heavily wounded.
You hit the yak.
The yak is severely wounded.
The yak gores you!
You die...
Your body rises from the dead as a mindless zombie.

.#. ... ...+ ...
...# ...### ###..#
.....# #....#
.....# ....#
...<.## ##### ...
......###.#.# #Y#
.....(......# #@#
...#...##...####.#
.................#
...#...##....#####
...#...###.#.#
.......# ###.#
.#.#.... ..#
#.#.... ###


You could see a yak.

Vanquished Creatures
  Pikel (D:5)
  The ghost of bmj180 the Cleaver, a novice HOFi of Okawaru (D:5)
  3 yaks (D:7)
  Sigmund (D:3)
  An orc warrior (D:6)
  A phantom (D:6)
  A centaur (D:6)
  A gnoll sergeant (D:5)
  3 elf zombies (Ossuary)
  5 killer bees (D:7)
  A scorpion (D:5)
  4 wights (D:6)
  A howler monkey (D:4)
  A bullfrog zombie (D:6)
  A crimson imp (D:5)
  A human zombie (Ossuary)
  A centaur zombie (D:5)
  4 hounds
  2 bullfrog skeletons (D:5)
  2 jellies
  An orc wizard (D:5)
  Jessica (D:3)
  3 iguanas
  6 worker ants
  A big kobold zombie (Ossuary)
  A hound zombie (Ossuary)
  3 mummies (Ossuary)
  2 worker ant zombies (D:6)
  4 gnolls
  7 adders
  An ooze (D:1)
  4 adder zombies
  4 worms
  2 dart slugs
  2 leopard geckos
  11 orcs
  A giant cockroach (D:6)
  A gnoll zombie (Ossuary)
  7 hobgoblins
  17 jackals
  8 kobolds
  3 quokkas
  4 ball pythons
  4 bats
  4 frilled lizards
  3 goblins
  4 goblin zombies (Ossuary)
  3 hobgoblin zombies (Ossuary)
  3 jackal zombies
  5 kobold zombies (Ossuary)
  A leopard gecko skeleton (D:6)
  3 orc zombies (Ossuary)
  3 quokka zombies (Ossuary)
  7 rats
  2 rat zombies (Ossuary)
172 creatures vanquished.

Vanquished Creatures (collateral kills)
  A bullfrog (D:6)
  4 gnolls (D:3)
  A worm (D:3)
  An orc (D:4)
  A jackal (D:6)
8 creatures vanquished.

Vanquished Creatures (others)
  A hound zombie (D:6)
  An orc skeleton (D:5)
  An orc (D:5)
  A ball python skeleton (D:6)
  5 jackal zombies
  A quokka zombie (D:3)
10 creatures vanquished.

Grand Total: 190 creatures vanquished

Notes
Turn   | Place    | Note
-------+----------+-------------------------------------------
     0 | D:1      | P0NYSLAYSTATION the Minotaur Fighter began the quest for
                  | the Orb.
     0 | D:1      | Reached XP level 1. HP: 19/19 MP: 0/0
   142 | D:2      | Reached XP level 2. HP: 25/27 MP: 1/1
   354 | D:3      | Reached skill level 4 in Armour
   363 | D:3      | Reached XP level 3. HP: 28/33 MP: 2/2
   431 | D:3      | Found a sparkling altar of Nemelex Xobeh.
   517 | D:4      | Reached XP level 4. HP: 31/41 MP: 3/3
   539 | D:5      | Entered Level 5 of the Dungeon
   573 | D:5      | Noticed a gnoll sergeant
   602 | D:5      | Killed a gnoll sergeant
   602 | D:5      | Reached skill level 1 in Dodging
   602 | D:5      | Reached skill level 5 in Shields
   602 | D:5      | Reached XP level 5. HP: 26/47 MP: 4/4
   866 | D:5      | Found a sand-covered staircase.
   875 | Ossuary  | Entered an ossuary
   975 | Ossuary  | Reached XP level 6. HP: 29/55 MP: 5/5
  1148 | Ossuary  | Reached skill level 5 in Armour
  1245 | Ossuary  | Reached skill level 5 in Fighting
  1245 | Ossuary  | Reached skill level 5 in Long Blades
  1479 | Ossuary  | Reached XP level 7. HP: 60/61 MP: 6/6
  1821 | D:5      | Found a staircase to the Ecumenical Temple.
  1822 | D:5      | Found Tepek's Food Shoppe.
  1836 | Temple   | Entered the Ecumenical Temple
  2008 | Temple   | Became a worshipper of Yredelemnul the Dark
  2243 | D:4      | Noticed Pikel
  2254 | D:5      | Killed Pikel
  2254 | D:5      | Reached skill level 6 in Armour
  2254 | D:5      | Reached XP level 8. HP: 55/70 MP: 7/7
  2858 | D:2      | Upgraded the game from 0.24-a0-639-gb70a11d811 to
                  | 0.24-a0-715-g0b739ee41d
  3107 | D:2      | Reached * piety under Yredelemnul
  3461 | D:3      | Noticed Jessica
  3495 | D:3      | Killed Jessica
  3801 | D:3      | Noticed Sigmund
  3814 | D:3      | Killed Sigmund
  4132 | D:4      | Upgraded the game from 0.24-a0-715-g0b739ee41d to
                  | 0.25-a0-35-g747a2b3c0c
  4149 | D:4      | Reached skill level 7 in Armour
  4469 | D:5      | Reached skill level 1 in Invocations
  4490 | D:5      | Found Maitaw's Food Shop.
  4558 | D:5      | Reached skill level 1 in Throwing
  4653 | D:5      | Found a runed translucent gate.
  4653 | D:5      | Found a runed translucent gate.
  4653 | D:5      | Found a runed translucent gate.
  4654 | D:5      | Noticed bmj180's ghost (novice HOFi)
  4676 | D:5      | Reached ** piety under Yredelemnul
  4683 | D:5      | Killed bmj180's ghost
  4683 | D:5      | Reached XP level 9. HP: 51/78 MP: 7/9
  5062 | D:6      | Found Sozeurch's Armour Shoppe.
  5099 | D:6      | Upgraded the game from 0.25-a0-35-g747a2b3c0c to
                  | 0.25-a0-41-g6cf4ce537d
  5099 | D:6      | Bought a +2 pair of gloves for 247 gold pieces
  5213 | D:6      | Reached skill level 8 in Armour
  5263 | D:6      | Reached skill level 5 in Axes
  5354 | D:6      | Reached skill level 1 in Polearms
  5694 | D:7      | Reached skill level 9 in Armour
  5746 | D:7      | Slain by a yak

Levels and vault maps discovered:
D:1:      dpeg_arrival_solitude, layout_loops_ring
D:2:      layout_loops_corners, first_ration, serial_glass, glass_columns_b,
          glass_columns_c, due_unseen_surprise, minmay_strange_pillars,
          feat_on_display, feat_on_display
D:3:      layout_rooms, nemelex_xobeh_ov_fountains_minmay, uniq_sigmund,
          uniq_jessica
D:4:      layout_rooms, minmay_manual_moon, uniq_pikel
D:5:      layout_loops_corners, minmay_temple_entry_ruins, serial_shops, shop,
          shop, gammafunk_ghost_necromancy, enter_ossuary_1
D:6:      layout_basic, serial_shops, nicolae_shop_stone, kennysheep_diamond,
          minmay_circle_x
D:7:      lemuel_insect_pit, layout_basic, grunt_livestock, corner_web_ring,
          bh_walls_and_bars
Temple:   roderic_octagonal_lattice_temple

Skill      XL: |  1  2  3  4  5  6  7  8  9 |
---------------+----------------------------+-----
Shields        | 4 5 6 7 8 |  8.7
Fighting       | 4 5 6 |  6.8
Armour         | 4 5 6 7 9 |  9.5
Long Blades    | 3 4 5 6 7 |  7.2
Dodging        | 1 2 |  2.9
Axes           | 2 4 5 |  5.0
Invocations    | 2 |  2.4
Throwing       | 1 |  1.0
Polearms       | 3 |  3.3
Stealth        | |  0.3

Action                   |  1- 3 |  4- 6 |  7- 9 || total
-------------------------+-------+-------+-------++-------
Melee: Long sword        |    55 |   143 |   408 ||   606
       Headbutt          |    10 |    32 |    81 ||   123
Throw: Boomerang         |       |       |    17 ||    17
Invok: Animate Remains   |       |       |    16 ||    16
       Injury Mirror     |       |       |     2 ||     2
  Use: Scroll            |       |       |    12 ||    12
       Potion            |       |       |     5 ||     5
 Stab: Distracted        |       |       |     1 ||     1
  Eat: Chunk             |       |     1 |     9 ||    10
       Ration            |       |     1 |     3 ||     4
Armor: Scale mail        |    24 |    48 |    35 ||   107
       Plate armour      |       |       |   125 ||   125
Dodge: Dodged            |    17 |    43 |   100 ||   160
Block: Shield            |    26 |    65 |   240 ||   331
       Rpst.: Long sword |     8 |    12 |    25 ||    45

Table legend:
 A = Non-vault XP
 B = Vault XP
 C = Vault XP percentage of total XP
 D = Non-vault monster count
 E = Vault monster count
 F = Vault count percentage of total count
                 A         B        C        D         E       F
            +---------+---------+-------+---------+---------+-------
      Total |    2652 |    2487 |  48.4 |     131 |      49 |  27.2
            +---------+---------+-------+---------+---------+-------
        D:1 |      53 |       0 |   0.0 |      17 |       0 |   0.0
        D:2 |      60 |       0 |   0.0 |      22 |       0 |   0.0
        D:3 |     157 |     245 |  60.9 |      27 |       2 |   6.9
        D:4 |     143 |      81 |  36.2 |       5 |       4 |  44.4
        D:5 |     582 |    1449 |  71.3 |      28 |       5 |  15.2
        D:6 |     710 |     252 |  26.2 |      24 |       4 |  14.3
        D:7 |     947 |       0 |   0.0 |       8 |       0 |   0.0
    Ossuary |       0 |     460 | 100.0 |       0 |      34 | 100.0
            +---------+---------+-------+---------+---------+-------
